 Dungeon Crawl Stone Soup version 0.29-a0-323-g050149af67 (webtiles) character file.

Game seed: 5956446114311852215

935 spaghetti the Conjurer (level 7, -2/72 HPs)
             Began as a Demonspawn Conjurer on Apr 11, 2022.
             Was a Follower of Ashenzari.
             Slain by Eustachio
             ... wielding a +2 rapier of protection
              (4 damage)
             ... on level 5 of the Dungeon.
             The game lasted 00:08:36 (4130 turns).

spaghetti the Conjurer (Demonspawn Conjurer)        Turns: 4130, Time: 00:08:37

Health: -2/72      AC: 23    Str:  7    XL:     7   Next: 87%
Magic:  0/15       EV:  2    Int: 24    God:    Ashenzari [*.....]
Gold:   170        SH:  0    Dex: 11    Spells: 3/17 levels left

rFire   . . .      SeeInvis .   d - +0 short sword {short}
rCold   . . .      Faith    .   (no shield)
rNeg    . . .      Spirit   .   (body armour currently unavailable)
rPois   +          Reflect  .   (helmet currently unavailable)
rElec   .          Harm     .   (cloak currently unavailable)
rCorr   .          Rampage  .   (gloves currently unavailable)
Will    .....      Rage     1%  (boots currently unavailable)
Stlth   ++........ NoTele   +   (no amulet)
HPRegen 0.22/turn               (no ring)
MPRegen 0.14/turn               (no ring)

@: mighty, lethally poisoned (-2 -> -3), tree-form
A: stationary, stasis, torment immunity, boosted hp, powered by pain 2, berserk
1, clever 1
a: Renounce Religion, Curse Item, Shatter the Chains


You were on level 5 of the Dungeon.
You worshipped Ashenzari.
Ashenzari was aware of your devotion.
You were a tree.
You visited 1 branch of the dungeon, and saw 5 of its levels.

You collected 170 gold pieces.


Innate Abilities, Weirdness & Mutations

You are a tree.
Your roots penetrate the ground, keeping you stationary.
You cannot be teleported.
You are immune to unholy pain and torment.
Your maximum health is greatly increased.
Your equipment is partially melded.
You sometimes gain power by taking damage.
You tend to lose your temper in combat.
Your mind is acute. (Int +2)


   Skills:
 + Level 1.5 Fighting
 - Level 1.7 Dodging
 - Level 1.7 Stealth
 - Level 5.8 Spellcasting
 - Level 7.3 Conjurations
 - Level 1.1 Air Magic
 - Level 1.0 Poison Magic


You had 3 spell levels left.
You knew the following spells:

 Your Spells              Type           Power      Damage    Failure   Level
a - Magic Dart            Conj           100%       1d8       1%          1
b - Searing Ray           Conj           84%        2d7       1%          2
c - Mephitic Cloud        Conj/Pois/Air  22%        N/A       7%          3
d - Fulminant Prism       Conj/Hex       12%        3d9       19%         4
e - Iskenderun's Mystic   Conj/Tloc      24%        2d7       19%         4

Your spell library contained the following spells:

 Spells                   Type           Power      Damage    Failure   Level
 Dazzling Flash           Conj/Hex       48%        N/A       5%          3
 Call Imp                 Summ           7%         N/A       12%         2

Inventory:

Hand Weapons
 d - a +0 short sword (weapon) {short}
   (You found it on level 1 of the Dungeon)
 e - a +0 club {mace}
   (You took it off a kobold on level 1 of the Dungeon)
 g - a +2 vorpal spear {polearm}
   (You took it off a gnoll on level 3 of the Dungeon)
 q - a +1 flail of protection {mace}
   (You took it off an orc on level 4 of the Dungeon)
Missiles
 c - 101 stones {throwing}
 v - a throwing net {=f!fthrowing}
 w - 3 atropa-tipped darts {throwing}
Armour
 a - a +0 robe (melded)
 i - a +0 helmet
   (You found it on level 2 of the Dungeon)
 j - the cursed +0 pair of boots "Ensconced With Me" (melded) {Self, Elem}
   (You found it on level 3 of the Dungeon)

   It has a curse which improves the following skills: Introspection: Fighting
   and Spellcasting.
   Elements:  Fire Magic, Ice Magic, Air Magic and Earth Magic.
 k - the cursed +1 cloak "Chained Pragmatism" (melded) {Will+, Elem, Comp}
   (You found it on level 3 of the Dungeon)

   It has a curse which improves the following skills: Elements: Fire Magic, Ice
   Magic, Air Magic and Earth Magic.
   Companions: Summonings and Necromancy.
 z - a +0 helmet (melded)
   (You found it on level 4 of the Dungeon)
Jewellery
 y - an amulet of faith {!P}
   (You found it on level 4 of the Dungeon)
Scrolls
 f - a scroll of silence {!r}
 h - a scroll of holy word {!r}
 l - a scroll of fog
 n - a scroll of noise {!r}
 o - a scroll of immolation {!r!r}
 r - a scroll of identify {@r1}
 s - 2 scrolls of amnesia
 t - a scroll of teleportation {@r4}
 u - a scroll of enchant armour
Potions
 b - a potion of magic
 p - a potion of degeneration {!q@e2}
 x - a potion of lignification {!q}

Dungeon Overview and Level Annotations

Branches:
Dungeon (5/15)
 Temple: D:4-7

Altars:
Ashenzari
Qazlal

Annotations:
D:5 Eustachio

....................#..#.##
..##...............#.......
....##.........##..
##....#...<........
.............##..#.
##............##...
.)###..○r).........#.##.
)..)$)br○...............
#†♣@.W........#.#..
##.r.......†.####
##.............#
#....##....##..#
##.........# ...
##....#..## #> ##..##.##
#######


You could see Eustachio, a phantom, 3 quokkas and a bat (summoned).


Message History

😨 HP[+4]
You now have 69 max hp (+23).
You regained 4 hp, and now have 18/69 hp.
Unknown command.
Unknown command.
You barely miss the scorpion.
* * * LOW HITPOINT WARNING * * *
You feel very sick.
The quokka bites you but does no damage. x2
The scorpion stings you but does no damage.
Eustachio hits you but does no damage. The bat hits you but does no damage.
The quokka bites you but does no damage. x2
The scorpion stings you but does no damage. 😱 HP[-4]
You take 4 damage, and now have 14/69 hp.
You barely miss the scorpion.
* * * LOW HITPOINT WARNING * * *
You feel very sick. The bat hits you but does no damage.
Eustachio gestures wildly while chanting.
The quokka bites you but does no damage. x2
The scorpion stings you but does no damage. 😱 HP[-3]
You take 3 damage, and now have 11/69 hp.
You hit the scorpion.
You feel sick.
The quokka disappears in a puff of smoke! x2
The bat hits you but does no damage. Eustachio hits you but does no damage.
The scorpion completely misses you. 😱 HP[-1] MP[+1]
You take 1 damage, and now have 10/69 hp.
Unknown command.
You puncture the scorpion!
You kill the scorpion!
You feel sick. The bat hits you but does no damage.
The quokka bites you but does no damage.
Eustachio completely misses you.
A phantom comes into view.
The quokka bites you but does no damage. x2
Your Fighting skill increases to level 1! 😱 HP[-2]
You now have 72 max hp (+3).
You barely miss Eustachio.
You feel sick. Eustachio hits you but does no damage.
The quokka bites you but does no damage.
The quokka completely misses you.
The quokka bites you but does no damage.
Eustachio hits you but does no damage.
The quokka bites you but does no damage. 😱 HP[-1]
You take 1 damage, and now have 7/72 hp.
Casting: Searing Ray (safe; 1% risk of failure)
Confirm with . or Enter, or press ? or * to list all spells.
You don't have enough magic to cast this spell.
Unknown command.
Unknown command.
Casting: Searing Ray (safe; 1% risk of failure)
Confirm with . or Enter, or press ? or * to list all spells.
Aiming: Mephitic Cloud (dangerous; 7% risk of failure)
Press: ? - help, Shift-Dir - straight line, f - quokka
Aim: a quokka (summoned, chance to affect: 96%)
The ball explodes into a vile cloud!
The stinking cloud engulfs the quokka but does no damage.
The stinking cloud engulfs the bat but does no damage.
The stinking cloud engulfs the quokka but does no damage.
The stinking cloud engulfs you but does no damage.
The stinking cloud engulfs Eustachio but does no damage.
You feel sick. The bat hits you but does no damage.
The quokka is engulfed in noxious fumes.
The quokka appears confused.
The quokka closely misses the bat.
The quokka is engulfed in noxious fumes.
The quokka appears confused.
The quokka barely misses you.
The quokka bites you but does no damage.
Eustachio hits you but does no damage. 😱 MP[-3]
You lost 3 mp, and now have 0/15 mp.
Unknown command.
You completely miss Eustachio.
You feel sick. The bat barely misses you.
The quokka is engulfed in noxious fumes.
The quokka appears confused.
The quokka bites you but does no damage.
The quokka is engulfed in noxious fumes.
The quokka appears confused.
The quokka bites you but does no damage.
Eustachio hits you but does no damage.
The quokka is engulfed in noxious fumes.
The quokka appears confused.
The quokka bites you.
* * * LOW HITPOINT WARNING * * *
The quokka bites itself. 😱 HP[-3]
You take 3 damage, and now have 4/72 hp.
Unknown command.
Unknown command.
You completely miss Eustachio.
* * * LOW HITPOINT WARNING * * *
You feel sick. The bat barely misses you.
The quokka is engulfed in noxious fumes.
The quokka appears confused.
The quokka bites you but does no damage.
Eustachio hits you with a +2 rapier of protection.
You die...

Skill      XL: |  1  2  3  4  5  6  7 |
---------------+----------------------+-----
Spellcasting   | 3 4 5 |  5.8
Conjurations   | 5 6 7 |  7.3
Air Magic      | 1 |  1.1
Poison Magic   | 1 |  1.0
Fighting       | 1 |  1.5
Dodging        | |  1.7
Stealth        | |  1.7

Action                   |  1- 3 |  4- 6 |  7- 9 || total
-------------------------+-------+-------+-------++-------
Melee: Short sword       |    28 |    37 |    27 ||    92
       Unarmed           |     6 |       |       ||     6
       Punch             |     2 |       |     1 ||     3
 Cast: Magic Dart        |    72 |    84 |    52 ||   208
       Searing Ray       |       |     2 |     5 ||     7
       Mephitic Cloud    |       |       |     1 ||     1
Invok: Curse Item        |       |     2 |       ||     2
  Use: Potion            |     1 |     6 |     3 ||    10
       Scroll            |       |     2 |       ||     2
Armor: Robe              |     4 |    15 |    13 ||    32
       Skin              |       |    20 |    33 ||    53
Dodge: Dodged            |    32 |    35 |    28 ||    95

Levels and vault maps discovered:
D:1:      dpeg_arrival_three_same_balls, layout_basic
D:2:      layout_basic, shapermc_ecumenical_altar_mp_vishouse
D:3:      minmay_diamond_boxcup, layout_rooms, serial_forest,
          infiniplex_forest_straight_3, infiniplex_forest_lined_3_way,
          infiniplex_forest_clump_long, infiniplex_forest_lined_3,
          infiniplex_forest_clump_long, infiniplex_forest_clump_tiny,
          wad_rectangle_vault
D:4:      layout_rooms, mainiacjoe_overflow_six_doors_small,
          hangedman_decor_lopped, uniq_grinder
D:5:      layout_cave_pools, minmay_temple_entry_ruins, serial_gnoll_camp,
          gnoll_camp_mini_house, gnoll_camp_mini_loothouse,
          gnoll_camp_huts_basic, gnoll_camp_mini_doghouse, uniq_blork_the_orc,
          uniq_eustachio

Notes
Turn   | Place    | Note
-------+----------+-------------------------------------------
     0 | D:1      | spaghetti the Demonspawn Conjurer began the quest for the
                  | Orb.
     0 | D:1      | Reached XP level 1. HP: 13/13 MP: 3/3
     0 | D:1      | magus.rc [v1.9.6]
   206 | D:1      | HP: 1/13 [quokka (3)]
   508 | D:1      | Gained mutation: You sometimes gain a little power by
                  | taking damage. [demonic ancestry]
   508 | D:1      | Reached XP level 2. HP: 19/19 MP: 1/5
  1256 | D:2      | Reached XP level 3. HP: 24/24 MP: 0/7
  1419 | D:2      | Reached skill level 3 in Spellcasting
  1567 | D:2      | Gained mutation: You sometimes gain power by taking damage.
                  | [demonic ancestry]
  1567 | D:2      | Reached XP level 4. HP: 30/30 MP: 2/8
  1773 | D:2      | Found a faded altar of an unknown god.
  1898 | D:2      | Prayed at the altar of an unknown god.
  1898 | D:2      | Became a worshipper of Ashenzari the Shackled
  2017 | D:3      | Reached skill level 5 in Conjurations
  2041 | D:3      | Noticed a water moccasin
  2047 | D:3      | Learned a level 2 spell: Searing Ray
  2535 | D:3      | Killed a water moccasin
  2536 | D:3      | Reached skill level 4 in Spellcasting
  2536 | D:3      | Reached XP level 5. HP: 35/35 MP: 0/11
  2569 | D:3      | Identified the cursed +1 cloak "Chained Pragmatism" {Will+,
                  | Elem, Comp} (You found it on level 3 of the Dungeon)
  2673 | D:3      | Noticed an ice beast
  2685 | D:3      | Killed an ice beast
  2686 | D:3      | Reached skill level 6 in Conjurations
  2686 | D:3      | Reached XP level 6. HP: 41/41 MP: 0/12
  3181 | D:3      | Reached * piety under Ashenzari
  3214 | D:4      | Noticed Grinder
  3224 | D:4      | Killed Grinder
  3225 | D:4      | Reached skill level 5 in Spellcasting
  3225 | D:4      | Reached XP level 7. HP: 46/46 MP: 5/16
  3358 | D:4      | Found a stormy altar of Qazlal.
  3653 | D:4      | Gained mutation: You tend to lose your temper in combat.
                  | [potion of mutation]
  3653 | D:4      | Gained mutation: Your mind is acute. (Int +2) [potion of
                  | mutation]
  3672 | D:4      | Reached skill level 7 in Conjurations
  3858 | D:4      | You pick up a book of Minor Magic and begin reading...
  3858 | D:4      | You add the spells Call Imp and Mephitic Cloud to your
                  | library.
  3876 | D:4      | Learned a level 3 spell: Mephitic Cloud
  3881 | D:4      | Learned a level 4 spell: Fulminant Prism
  3886 | D:4      | Learned a level 4 spell: Iskenderun's Mystic Blast
  4010 | D:5      | Entered Level 5 of the Dungeon
  4010 | D:5      | Identified a scroll of acquirement
  4108 | D:5      | Reached skill level 1 in Air Magic
  4108 | D:5      | Reached skill level 1 in Poison Magic
  4113 | D:5      | Noticed Eustachio
  4123 | D:5      | HP: 14/69 [poisoned by a scorpion]
  4127 | D:5      | Reached skill level 1 in Fighting
  4128 | D:5      | HP: 7/72 [poisoned by a scorpion]
  4130 | D:5      | HP: 2/72 [poisoned by a scorpion]
  4130 | D:5      | Slain by Eustachio

Vanquished Creatures
  Grinder (D:4)
  A water moccasin (D:3)
  An ice beast (D:3)
  3 scorpions
  A howler monkey (D:5)
  An orc priest (D:5)
  2 iguanas
  An orc wizard (D:5)
  5 gnolls
  7 adders
  A worm (D:3)
  2 dart slugs
  8 orcs
  12 endoplasms
  2 giant cockroaches
  9 goblins
  5 hobgoblins
  9 jackals
  3 quokkas
  2 ball pythons (D:3)
  3 bats (D:1)
  A frilled lizard (D:2)
  4 kobolds
  5 rats
89 creatures vanquished.

Vanquished Creatures (others)
  2 plants (D:3)
2 creatures vanquished.

Grand Total: 91 creatures vanquished

Table legend:
 A = Non-vault XP
 B = Vault XP
 C = Vault XP percentage of total XP
 D = Non-vault monster count
 E = Vault monster count
 F = Vault count percentage of total count
                 A         B        C        D         E       F
            +---------+---------+-------+---------+---------+-------
      Total |     713 |     623 |  46.6 |      74 |      15 |  16.9
            +---------+---------+-------+---------+---------+-------
        D:1 |      33 |       0 |   0.0 |      18 |       0 |   0.0
        D:2 |      84 |       0 |   0.0 |      14 |       0 |   0.0
        D:3 |      34 |     323 |  90.5 |      16 |      14 |  46.7
        D:4 |     212 |     300 |  58.6 |      16 |       1 |   5.9
        D:5 |     350 |       0 |   0.0 |      10 |       0 |   0.0
            +---------+---------+-------+---------+---------+-------

Illustrated notes

Table legend:
 A = Kills in this place as a percentage of kills in entire the game.
 B = Kills by you in this place as a percentage of kills by you in the entire game.
 C = Kills by friends in this place as a percentage of kills by friends in the entire game.
 D = Other kills in this place as a percentage of other kills in the entire game.
 E = Experience gained in this place as a percentage of experience gained in the entire game.
 F = Experience gained in this place divided by the number of levels of this place that you have seen.
                   A       B       C       D       E      F
               +-------+-------+-------+-------+-------+----------------------
         Total | 100.0 | 100.0 |   N/A |   N/A | 100.0 | 267.2
       Dungeon | 100.0 | 100.0 |   N/A |   N/A | 100.0 | 267.2
               +-------+-------+-------+-------+-------+----------------------

Table legend: (Time is in decaauts)
 A = Elapsed time spent in this place.
 B = Non-inter-level travel time spent in this place.
 C = Inter-level travel time spent in this place.
 D = Time resting spent in this place.
 E = Time spent auto-exploring this place.
 F = Levels seen in this place.
 G = Mean time per level.
                   A        B        C        D        E       F      G
               +--------+--------+--------+--------+--------+-----+--------+
         Total |   4141 |   3966 |    175 |   1191 |   2198 |   5 |  828.2 |
       Dungeon |   4141 |   3966 |    175 |   1191 |   2198 |   5 |  828.2 |
               +--------+--------+--------+--------+--------+-----+--------+

Top non-repeatable levels by time:
     D:3: 1284 daAuts
     D:1: 1034 daAuts
     D:2: 887 daAuts
     D:4: 860 daAuts
     D:5: 74 daAuts
